 Dungeon Crawl Stone Soup version 0.28-a0-909-g796cbd3a86 (webtiles) character file.

Game seed: 9403581035329248987

1716 Majang the Cudgeller (level 8, -1/67 HPs)
             Began as a Mummy Fighter on Nov 24, 2021.
             Was a Follower of Ashenzari.
             Slain by a two-headed ogre (18 damage)
             ... on level 5 of the Dungeon.
             The game lasted 00:17:35 (7411 turns).

Majang the Cudgeller (Mummy Fighter)                Turns: 7411, Time: 00:17:36

Health: -1/67      AC: 10    Str: 27    XL:     8   Next: 74%
Magic:  8/8        EV: 10    Int:  8    God:    Ashenzari [*.....]
Gold:   222        SH:  4    Dex: 11    Spells: 7/7 levels left

rFire   x . .      SeeInvis .   a - +0 flail
rCold   + . .      Faith    .   c - +0 buckler
rNeg    + + +      Spirit   .   b - +0 scale mail "Share My Secrets" {Comp, Self} (curse)
rPois   ∞          Reflect  .   h - +0 helmet
rElec   .          Harm     .   (no cloak)
rCorr   .          Rampage  .   (no gloves)
Will    +....                   d - +1 pair of boots of Ashenzari's Bitterness {Melee, Self} (curse)
Stlth   +.........              (no amulet)
HPRegen 0.21/turn               j - ring of flight
MPRegen 0.11/turn               n - +6 ring of strength

@: flying, studying Short Blades
A: cold resistance 1, negative energy resistance 3, torment resistance 2, heat
vulnerability 1, no potions
a: Renounce Religion, Shatter the Chains


You were on level 5 of the Dungeon.
You worshipped Ashenzari.
Ashenzari was aware of your devotion.
You visited 2 branches of the dungeon, and saw 7 of its levels.

You collected 222 gold pieces.

Inventory:

Hand Weapons
 a - a +0 flail (weapon)
Armour
 b - the cursed +0 scale mail "Share My Secrets" (worn) {Comp, Self}

   It has a curse which improves the following skills: Companions: Summonings
   and Necromancy.
   Introspection: Fighting and Spellcasting.
 c - a +0 buckler (worn)
 d - the cursed +1 pair of boots of Ashenzari's Bitterness (worn) {Melee, Self}
   (You found it on level 1 of the Dungeon)

   It has a curse which improves the following skills: Melee Combat: Short
   Blades, Long Blades, Axes, Maces & Flails, Polearms, Staves and Unarmed
   Combat.
   Introspection: Fighting and Spellcasting.
 g - a +0 plate armour
 h - a +0 helmet (worn)
Jewellery
 j - a ring of flight (left hand)
 n - a +6 ring of strength (right hand)
Wands
 l - a wand of flame (12)
Scrolls
 e - 3 scrolls of teleportation
 f - a scroll of fog
 i - a scroll of fear
 m - a scroll of amnesia


   Skills:
 + Level 5.9(7.5) Fighting
 * Level 6.3(7.3) Maces & Flails
 + Level 3.4 Armour
 + Level 2.2 Dodging
 + Level 2.3 Stealth
 + Level 3.5 Shields
 + Level 2.1 Evocations


You had 7 spell levels left.
You didn't know any spells.
Your spell library was empty.

Dungeon Overview and Level Annotations

Branches:
Dungeon (6/15)             Temple (1/1) D:4

Altars:
Ashenzari
Cheibriados
Dithmenos
Elyvilon
Fedhas
Gozag
Hepliaklqana
Kikubaaqudgha
Makhleb
Nemelex Xobeh
Okawaru
Qazlal
Ru
Sif Muna
Trog
Uskayaw
Vehumet
Wu Jian
Xom
Yredelemnul
Zin
The Shining One

Shops:
D:1 [


Innate Abilities, Weirdness & Mutations

You are immune to poison.
Your flesh is cold resistant. (rC+)
You are immune to negative energy. (rN+++)
You are immune to unholy pain and torment.
You are vulnerable to heat. (rF-)
You do not drink.


Message History

HP restored.
You fly downwards.
The water moccasin skeleton bites you but does no damage.
The water moccasin skeleton bites you.
There is a stone staircase leading up here.
You barely miss the water moccasin skeleton.
The water moccasin skeleton is moderately damaged.
The water moccasin skeleton barely misses you.
Aiming: Throw Flame
Press: ? - help, Shift-Dir - straight line, f - two-headed ogre
Aim: a two-headed ogre, wielding two +0 giant spiked clubs (86% to hit)
The puff of flame hits the two-headed ogre.
The two-headed ogre is lightly wounded.
The water moccasin skeleton closely misses you.
The water moccasin skeleton bites you but does no damage.
The two-headed ogre hits you with a +0 giant spiked club!!
You block the two-headed ogre's attack.
You block the water moccasin skeleton's attack.
You fly upwards.
There is a stone staircase leading down here.
You block the two-headed ogre's attack.
The two-headed ogre hits you with a +0 giant spiked club!
You bludgeon the two-headed ogre!!
The two-headed ogre is moderately wounded.
The two-headed ogre completely misses you.
The two-headed ogre misses you.
You hit the two-headed ogre.
The two-headed ogre is heavily wounded.
The two-headed ogre barely misses you.
The two-headed ogre hits you with a +0 giant spiked club!
* * * LOW HITPOINT WARNING * * *
You barely miss the two-headed ogre.
The two-headed ogre is heavily wounded.
You sock the two-headed ogre!
The two-headed ogre is heavily wounded.
The two-headed ogre barely misses you. The two-headed ogre misses you.
You sock the two-headed ogre!
The two-headed ogre is severely wounded.
The two-headed ogre hits you with a +0 giant spiked club!!
You die...

#.###.....#...............#'#.#.#
..# #.....#.######........#.#....
### #.....#.# #......#.#.#...#
###'#.#.# #.##.#...#.#.###
#.#.#.# #....#.....#.... #>#.#.#
################## #.#.#.#
#>..............# #.#.#.#
#O#############.# #(###.####@#
#.# #.....#[...# #####'##
#######.#### #....... #.#
#....... #.# #.......
#############.# #.......
............#.# #.......
###########.#.# ########
......#####.#.####


You could see a two-headed ogre.

Vanquished Creatures
  A vampire mosquito (D:5)
  2 water moccasins
  3 ogres
  A phantom (D:3)
  A kobold brigand (D:5)
  3 scorpions
  2 water moccasin skeletons
  2 jellies (D:5)
  An orc priest (D:3)
  2 hounds (D:5)
  2 bullfrog skeletons (D:5)
  A centaur skeleton (D:5)
  Natasha (thrice) (D:3)
  2 iguanas (D:5)
  6 orc wizards
  A hound skeleton (D:4)
  A howler monkey zombie (D:4)
  6 adders
  4 gnolls (D:5)
  2 adder skeletons
  A worm (D:2)
  3 dart slugs (D:1)
  13 orcs
  10 bats
  4 endoplasms
  4 giant cockroaches
  8 goblins
  3 hobgoblins
  2 jackals (D:2)
  8 kobolds
  3 quokkas
  8 ball pythons
  A quokka skeleton (D:4)
  6 rats
120 creatures vanquished.

Notes
Turn   | Place    | Note
-------+----------+-------------------------------------------
     0 | D:1      | Majang the Mummy Fighter began the quest for the Orb.
     0 | D:1      | Reached XP level 1. HP: 18/18 MP: 1/1
   231 | D:1      | Reached skill level 2 in Maces & Flails
   232 | D:1      | Reached XP level 2. HP: 23/24 MP: 2/2
   373 | D:1      | Found Ynnatt's Antique Armour Shoppe.
   783 | D:2      | Reached XP level 3. HP: 29/29 MP: 3/3
  1520 | D:2      | Reached skill level 3 in Maces & Flails
  1868 | D:3      | Noticed Natasha
  1884 | D:3      | Killed Natasha
  1885 | D:3      | Reached XP level 4. HP: 16/37 MP: 4/4
  2105 | D:3      | Found a faded altar of an unknown god.
  2105 | D:3      | Noticed a phantom
  2116 | D:3      | Killed a phantom
  2117 | D:3      | Reached XP level 5. HP: 33/42 MP: 5/5
  2289 | D:3      | Reached skill level 4 in Maces & Flails
  2740 | D:3      | Noticed Natasha
  2753 | D:3      | Killed Natasha
  3084 | D:3      | Reached XP level 6. HP: 34/49 MP: 6/6
  3331 | D:3      | Noticed a water moccasin
  3345 | D:3      | Killed a water moccasin
  3644 | D:3      | Noticed Natasha
  3660 | D:3      | Killed Natasha
  4341 | D:4      | Reached skill level 5 in Fighting
  4341 | D:4      | Reached skill level 5 in Maces & Flails
  4405 | D:4      | Reached XP level 7. HP: 38/56 MP: 7/7
  4595 | D:4      | Found a staircase to the Ecumenical Temple.
  4605 | Temple   | Entered the Ecumenical Temple
  4680 | Temple   | Became a worshipper of Ashenzari the Shackled
  5288 | D:5      | Entered Level 5 of the Dungeon
  5380 | D:5      | Reached skill level 1 in Dodging
  5380 | D:5      | Reached skill level 1 in Stealth
  5380 | D:5      | Reached skill level 1 in Evocations
  5650 | D:5      | Reached XP level 8. HP: 27/64 MP: 8/8
  6167 | D:5      | Reached skill level 6 in Maces & Flails
  6609 | D:5      | Found a sacrificial altar of Ru.
  7144 | D:5      | Reached * piety under Ashenzari
  7345 | D:6      | Noticed a two-headed ogre
  7411 | D:5      | Slain by a two-headed ogre

Illustrated notes

Levels and vault maps discovered:
D:1:      matt_arrival_los_fun, layout_rooms, serial_shops, shop,
          kennysheep_pointless_box, minmay_bisected
D:2:      layout_loops_ring, serial_rivers, chequers_serial_rivers_micro_a,
          chequers_serial_rivers_micro_c, chequers_serial_rivers_small_b,
          chequers_serial_rivers_small_3, chequers_arboretum
D:3:      layout_basic, basic_ecumenical_altar, grunt_ministairs_12,
          uniq_natasha
D:4:      layout_gridville, minmay_temple_entry_fiery
D:5:      layout_basic, nicolae_ru_great_annihilating_truth, minmay_manual_maat
D:6:      layout_cave_pools, serial_column_ruins, column_ruins_circle_small,
          column_ruins_temple_circle, column_ruins_open_medium,
          column_ruins_columns_T, column_ruins_corridor_straight,
          column_ruins_open_tiny, column_ruins_open_medium,
          column_ruins_columns_straight, column_ruins_corridor_straight,
          minivault_10
Temple:   nicolae_temple_the_god_donut

Skill      XL: |  1  2  3  4  5  6  7  8 |
---------------+-------------------------+-----
Maces & Flails | 2 3 4 5 6 |  6.3
Fighting       | 4 5 |  5.9
Dodging        | 1 2 |  2.2
Stealth        | 1 2 |  2.3
Evocations     | 1 2 |  2.1
Armour         | 3 |  3.4
Shields        | 3 |  3.5

Action                   |  1- 3 |  4- 6 |  7- 9 || total
-------------------------+-------+-------+-------++-------
Melee: Flail             |   122 |   202 |   250 ||   574
Invok: Curse Item        |       |       |     2 ||     2
Evoke: Wand              |       |       |     6 ||     6
  Use: Scroll            |       |     5 |     3 ||     8
Armor: Scale mail        |    64 |   114 |   114 ||   292
Dodge: Dodged            |    54 |    80 |    92 ||   226
Block: Buckler           |    21 |    40 |    50 ||   111

Table legend: (Time is in decaauts)
 A = Elapsed time spent in this place.
 B = Non-inter-level travel time spent in this place.
 C = Inter-level travel time spent in this place.
 D = Time resting spent in this place.
 E = Time spent auto-exploring this place.
 F = Levels seen in this place.
 G = Mean time per level.
                   A        B        C        D        E       F      G
               +--------+--------+--------+--------+--------+-----+--------+
         Total |   7542 |   7402 |    140 |   2195 |   3809 |   7 | 1077.4 |
       Dungeon |   7461 |   7321 |    140 |   2195 |   3809 |   6 | 1243.5 |
        Temple |     81 |     81 |      0 |      0 |      0 |   1 |   81.0 |
               +--------+--------+--------+--------+--------+-----+--------+

Top non-repeatable levels by time:
     D:3: 2229 daAuts
     D:5: 2115 daAuts
     D:2: 1363 daAuts
     D:4: 950 daAuts
     D:1: 770 daAuts
  Temple: 81 daAuts
     D:6: 31 daAuts
